 Dungeon Crawl Stone Soup version 0.23-a0-171-g5ae17c6 (webtiles) character file.

10460 iamserjio the Destroyer (level 11, -1/68 HPs)
             Began as a Gargoyle Wanderer on Sept 13, 2018.
             Was a Priest of Sif Muna.
             Slain by a freezing wraith (11 damage)
             ... in an ice cave.
             The game lasted 00:43:37 (16593 turns).

iamserjio the Destroyer (Gargoyle Wanderer)        Turns: 16593, Time: 00:43:38

Health: -1/68      AC: 13    Str: 15    XL:     11   Next: 62%
Magic:  16/22      EV: 10    Int: 18    God:    Sif Muna [***...]
Gold:   421        SH:  4    Dex:  8    Spells: 17/25 levels left

rFire    x . .     SeeInvis .   S - +2 morningstar (holy)
rCold    + . .     Gourm    .   o - +0 buckler
rNeg     + . .     Faith    .   a - +2 leather armour {MR+}
rPois    ∞         Spirit   .   (no helmet)
rElec    +         Reflect  .   (no cloak)
rCorr    .         Harm     .   (no gloves)
MR       ++...                  (no boots)
Stlth    +.........             e - amulet of magic regeneration
HPRegen  0.21/turn              I - ring of ice
MPRegen  0.43/turn              y - ring of protection from magic

@: slowed, divine energy, very slow
A: negative energy resistance 1, electricity resistance, unbreathing,
petrification resistance, rot immunity, AC +8
a: Stop Divine Energy, Channel Magic, Renounce Religion


You were in an ice cave.
You worshipped Sif Muna.
Sif Muna was most pleased with you.
You were very hungry.

You visited 1 branch of the dungeon, and saw 11 of its levels.
You also visited: Ossuary and Ice Cave.

You collected 651 gold pieces.
You spent 230 gold pieces at shops.

Inventory:

Hand Weapons
 j - a +2 vampiric long sword
 k - a cursed -3 flail
 q - a +1 long sword of holy wrath
 w - a +2 short sword of venom
 x - a +3 spear of freezing
 P - a +1 long sword of slicing
 S - a +2 morningstar of holy wrath (weapon)
Missiles
 p - 17 arrows
 s - 178 stones (quivered)
 D - a throwing net {!f}
Armour
 a - a +2 leather armour of magic resistance (worn)
 o - a +0 buckler (worn)
 O - a +1 robe of magic resistance
Jewellery
 c - an uncursed ring of wizardry
 e - an amulet of magic regeneration (around neck)
 i - an uncursed ring of fire
 u - a +4 ring of slaying
 v - an uncursed ring of fire
 y - a ring of protection from magic (right hand)
 I - a ring of ice (left hand)
 L - an uncursed amulet of the acrobat
Wands
 b - a wand of flame (17)
 n - a wand of enslavement (12)
 A - a wand of iceblast (4)
 C - a wand of acid (3)
 H - a wand of scattershot (4)
Scrolls
 g - 5 scrolls of enchant armour
 m - 6 scrolls of remove curse {@r2}
 E - 2 scrolls of immolation
 F - 2 scrolls of enchant weapon
 G - 4 scrolls of teleportation
 J - a scroll of fear {unknown}
 R - a scroll of acquirement {unknown}
Potions
 d - 9 potions of lignification
 h - 3 potions of mutation
 l - 5 potions of curing {@q1}
 r - 5 potions of flight
 t - 5 potions of brilliance
 z - 5 potions of haste
 B - a potion of invisibility
 K - 2 potions of cancellation
 N - a potion of magic {unknown}
Miscellaneous
 M - a phantom mirror
Comestibles
 f - 16 rations


   Skills:
 - Level 8.0 Fighting
 * Level 0.0 Maces & Flails
   Level 2.0 Bows
 - Level 1.1 Armour
 - Level 4.1 Shields
 + Level 7.5 Spellcasting
 + Level 13.1 Conjurations
 - Level 6.0 Fire Magic
 - Level 1.2 Ice Magic
   Level 1.0 Poison Magic
 - Level 2.0 Evocations


You had 17 spell levels left.
You knew the following spells:

 Your Spells              Type           Power        Failure   Level  Hunger
a - Flame Tongue          Conj/Fire      #####        1%          1    None
b - Conjure Flame         Conj/Fire      #####...     1%          3    #......
c - Throw Icicle          Conj/Ice       #####...     6%          4    ###....

Your spell library contained the following spells:

 Spells                   Type           Power        Failure   Level  Hunger
 Throw Frost              Conj/Ice       #####.       1%          2    None
 Dazzling Spray           Conj/Hex       ####..       2%          3    #......
 Freeze                   Ice            ###.         8%          1    None
 Corona                   Hex            #......      13%         1    None
 Ensorcelled Hibernation  Hex/Ice        ##....       14%         2    None
 Ozocubu's Armour         Chrm/Ice       ##......     28%         3    #......
 Confuse                  Hex            #.......     36%         3    #......
 Tukima's Dance           Hex            #.......     36%         3    #......
 Summon Ice Beast         Ice/Summ       ##......     67%         4    ###....


Dungeon Overview and Level Annotations

Branches:
Dungeon (11/15)            Temple (0/1) D:7            Lair (0/6) D:8
    Orc: D:9-12

Altars:
Dithmenos
Elyvilon
Gozag
Makhleb
Nemelex Xobeh
Sif Muna
Trog
Vehumet
Wu Jian

Shops:
D:5 (   D:7 }


Innate Abilities, Weirdness & Mutations

You are resistant to torment.
Your stone body is resilient. (AC +8)
You are immune to poison.
You resist negative energy. (rN+)
You are resistant to electric shocks. (rElec)
You can survive without breathing.
You are immune to petrification.
You are immune to rotting.


Message History

You feel as though you will be slow longer.
Casting: Flame Tongue (safe; 1% risk of failure)
Aiming: Flame Tongue (safe; 1% risk of failure)
Aim: a freezing wraith (almost destroyed)
The flame tongue hits the freezing wraith.
The freezing wraith appears unharmed.
The freezing wraith hits you but does no damage.
The freezing wraith completely misses you.
Casting: Flame Tongue (safe; 1% risk of failure)
Aiming: Flame Tongue (safe; 1% risk of failure)
Aim: a freezing wraith (almost destroyed)
The flame tongue hits the freezing wraith.
The freezing wraith appears unharmed.
The freezing wraith hits you. The freezing wraith freezes you! You resist.
* * * LOW HITPOINT WARNING * * *
The freezing wraith hits you but does no damage.
The freezing wraith hits you.
* * * LOW HITPOINT WARNING * * *
The freezing wraith freezes you! You resist.
You die...

#...............##
##........###....##
##. ####...###
###...# #... #####
##..# #.... #...#
#...# ##..###...#
##..###...#
##..###...#
#....@§W# ##...W###
######


You could see 2 freezing wraiths.

Vanquished Creatures
  A skeletal warrior (D:8)
  A gargoyle (D:10)
  Joseph (D:10)
  2 trolls
  Grinder (D:6)
  A hornet (D:11)
  2 wolf spider simulacra (IceCv)
  A hippogriff (D:8)
  3 yaks (D:9)
  A spriggan (D:9)
  A shadow (D:11)
  3 hungry ghosts
  A soldier ant (D:8)
  Duvessa (D:6)
  A black bear (D:9)
  10 ice beasts
  3 orc warriors
  A sky beast (D:6)
  5 ogres
  A necrophage (D:10)
  4 centaurs
  2 phantoms
  Blork the orc (D:6)
  2 big kobolds
  A bullfrog (D:6)
  A gnoll sergeant (D:6)
  Dowan (D:6)
  11 scorpions
  11 killer bees
  16 wights
  8 howler monkeys
  3 crimson imps
  5 human zombies (Ossuary)
  A jelly (D:7)
  2 quasits
  An orc priest (D:11)
  4 hounds
  A centaur zombie (D:5)
  8 orc wizards
  A bullfrog skeleton (D:9)
  A centaur skeleton (D:11)
  2 iguanas
  14 worker ants
  A polar bear simulacrum (IceCv)
  A wolf simulacrum (IceCv)
  3 big kobold zombies (Ossuary)
  2 hound zombies
  3 mummies
  3 worker ant zombies
  8 gnolls
  2 howler monkey skeletons
  A scorpion zombie (Ossuary)
  11 adders
  3 shadow imps
  3 white imps (IceCv)
  An ooze (D:1)
  2 adder skeletons
  An adder zombie (D:6)
  3 worms
  5 dart slugs
  7 leopard geckos
  37 orcs
  5 bats (D:1)
  8 giant cockroaches
  11 goblins
  6 hobgoblins
  22 jackals
  8 quokkas
  9 frilled lizards
  A gnoll zombie (Ossuary)
  3 goblin zombies (Ossuary)
  A hobgoblin zombie (Ossuary)
  18 kobolds
  3 kobold zombies (Ossuary)
  A leopard gecko skeleton (D:6)
  A leopard gecko zombie (D:5)
  An orc zombie (Ossuary)
  A quokka skeleton (D:8)
  11 rats
  A plant (D:2)
350 creatures vanquished.

Vanquished Creatures (others)
  A scorpion (Ossuary)
  An orc priest (D:7)
  A mummy (Ossuary)
  An adder (D:6)
4 creatures vanquished.

Grand Total: 354 creatures vanquished

Notes
Turn   | Place    | Note
-------+----------+-------------------------------------------
     0 | D:1      | iamserjio the Gargoyle Wanderer began the quest for the
                  | Orb.
     0 | D:1      | iamserjio set off with: a +2 shortbow, 27 arrows, a potion
                  | of lignification, a +0 robe, a ration
     0 | D:1      | Reached XP level 1. HP: 12/12 MP: 3/3
     2 | D:1      | Learned a level 1 spell: Flame Tongue
   218 | D:1      | Reached skill level 1 in Conjurations
   219 | D:1      | Reached skill level 1 in Fire Magic
   219 | D:1      | Reached XP level 2. HP: 17/17 MP: 5/5
   423 | D:1      | Reached XP level 3. HP: 9/21 MP: 1/6
   753 | D:1      | Reached skill level 2 in Conjurations
  1362 | D:2      | Reached XP level 4. HP: 26/26 MP: 7/7
  1491 | D:2      | Found a faded altar of an unknown god.
  1969 | D:3      | Found a sparkling altar of Nemelex Xobeh.
  2017 | D:3      | Reached skill level 3 in Conjurations
  2036 | D:3      | Reached XP level 5. HP: 30/30 MP: 8/8
  2195 | D:3      | Learned a level 3 spell: Conjure Flame
  2675 | D:3      | Found a white marble altar of Elyvilon.
  2906 | D:4      | Reached skill level 4 in Conjurations
  2922 | D:4      | Reached XP level 6. HP: 32/35 MP: 9/9
  2976 | D:4      | Found an ornate altar of the Wu Jian Council.
  3431 | D:4      | Reached skill level 5 in Conjurations
  3813 | D:4      | Noticed a phantom
  3836 | D:4      | Killed a phantom
  3836 | D:4      | Reached skill level 5 in Fire Magic
  3836 | D:4      | Reached XP level 7. HP: 30/40 MP: 10/10
  4011 | D:5      | Entered Level 5 of the Dungeon
  4129 | D:5      | Found Womaqam's Antique Weapon Emporium.
  4281 | D:5      | Found a shadowy altar of Dithmenos.
  4321 | D:5      | Reached skill level 6 in Conjurations
  4375 | D:5      | Found a sand-covered staircase.
  4400 | Ossuary  | Entered an ossuary
  4594 | Ossuary  | Reached XP level 8. HP: 43/44 MP: 8/11
  4622 | Ossuary  | Reached skill level 7 in Conjurations
  5077 | Ossuary  | Reached skill level 8 in Conjurations
  6624 | D:6      | Reached skill level 9 in Conjurations
  6669 | D:6      | Noticed Blork the orc
  6675 | D:6      | Killed Blork the orc
  6885 | D:6      | Reached skill level 10 in Conjurations
  6885 | D:6      | Reached XP level 9. HP: 48/48 MP: 10/12
  7075 | D:6      | Noticed a moth of wrath
  7078 | D:6      | Found a bloodstained altar of Trog.
  7203 | D:6      | Noticed Dowan
  7224 | D:6      | Noticed Duvessa
  7233 | D:6      | Killed Duvessa
  7235 | D:6      | Killed Dowan
  7455 | D:6      | Noticed a troll
  7463 | D:6      | Reached skill level 11 in Conjurations
  7475 | D:6      | Killed a troll
  8044 | D:6      | Noticed Grinder
  8046 | D:6      | Paralysed by Grinder for 3 turns
  8051 | D:6      | Killed Grinder
  8241 | D:6      | Found an opulent altar of Gozag.
  8242 | D:6      | Found a burning altar of Makhleb.
  8242 | D:6      | Found a deep blue altar of Sif Muna.
  8376 | D:6      | Became a worshipper of Sif Muna the Loreminder
  8923 | D:7      | Found a radiant altar of Vehumet.
  9041 | D:7      | Reached skill level 5 in Fighting
  9043 | D:7      | Reached XP level 10. HP: 19/59 MP: 1/13
  9588 | D:7      | Found a staircase to the Ecumenical Temple.
  9698 | D:7      | Reached skill level 12 in Conjurations
 10137 | D:7      | Found Toruzopp's Gadget Shoppe.
 10142 | D:7      | Bought a wand of enslavement (12) for 140 gold pieces
 10142 | D:7      | Bought a wand of iceblast (5) for 90 gold pieces
 11127 | D:8      | Noticed a skeletal warrior
 11136 | D:8      | Killed a skeletal warrior
 11908 | D:8      | Reached * piety under Sif Muna
 12242 | D:8      | Reached skill level 5 in Spellcasting
 12454 | D:8      | Found a staircase to the Lair.
 12726 | D:8      | Learned a level 4 spell: Throw Icicle
 12886 | D:9      | Reached skill level 1 in Ice Magic
 13092 | D:9      | Reached XP level 11. HP: 59/68 MP: 9/19
 13388 | D:9      | Reached ** piety under Sif Muna
 13986 | D:10     | Entered Level 10 of the Dungeon
 15170 | D:10     | Noticed Joseph
 15193 | D:10     | Killed Joseph
 15953 | D:11     | Reached *** piety under Sif Muna
 16001 | D:11     | Found a frozen archway.
 16024 | IceCv    | Entered an ice cave
 16027 | IceCv    | Reached skill level 13 in Conjurations
 16593 | IceCv    | Slain by a freezing wraith

Vault maps used:
D:1:      wheals_arrival_linesprint, minivault_26
D:2:      serial_bayou, serial_bayou_lake_a, serial_bayou_pond_a,
          serial_bayou_pond_e, serial_bayou_pond_b, serial_bayou_ford_a,
          chequers_ecumenical_altar_lobes
D:3:      old_standard_altar, lemuel_crystal_altar, nrook_mini_vaults
D:4:      lemuel_crystal_altar
D:5:      basic_altar, first_ration, gup_ossuary_entry_pyramid, serial_shops,
          nicolae_shop_overgrown_old_shop
D:6:      cheibrodos_barr_body, gammafunk_temple_overflow_forgotten, tgw_trog,
          uniq_duvessa, uniq_blork_the_orc, uniq_grinder
D:7:      minmay_temple_entry_glass, serial_shops, kennysheep_little_box,
          vehumet_altar_wand_db
D:8:      minmay_ornate_pinched, lair_entry_dummy
D:9:      the_bakery
D:10:     uniq_joseph
D:11:     portal_ice_cave_entry_pillars_1
Ossuary:  ossuary_minmay_scorpions
IceCv:    ice_cave_small_necro

Skill      XL: |  1  2  3  4  5  6  7  8  9 10 11 |
---------------+----------------------------------+-----
Conjurations   | 1 2 3 4 5 6 10 11 12 13 | 13.1
Fire Magic     | 1 2 3 5 6 |  6.0
Fighting       | 5 8 |  8.0
Evocations     | 2 |  2.0
Shields        | 2 4 |  4.1
Spellcasting   | 5 7 |  7.5
Ice Magic      | 1 |  1.2
Bows           | |  2.0
Armour         | |  1.1
Poison Magic   | |  1.0

Action                   |  1- 3 |  4- 6 |  7- 9 | 10-12 || total
-------------------------+-------+-------+-------+-------++-------
Melee: Unarmed           |       |    45 |       |       ||    45
       Flail             |       |    28 |       |       ||    28
       Spear             |       |       |    31 |    85 ||   116
       Short sword       |       |       |    24 |   108 ||   132
       Long sword        |       |       |       |     8 ||     8
 Fire: Shortbow          |    93 |   152 |   191 |       ||   436
 Cast: Flame Tongue      |    12 |    48 |   132 |   458 ||   650
       Conjure Flame     |       |     1 |    20 |    13 ||    34
       Throw Icicle      |       |       |       |     2 ||     2
Invok: Divine Energy     |       |       |       |     1 ||     1
Evoke: Wand              |       |       |    12 |    13 ||    25
  Use: Potion            |       |     2 |     4 |       ||     6
       Scroll            |       |    10 |    11 |     5 ||    26
 Stab: Invisible         |       |       |     1 |       ||     1
  Eat: Chunk             |     2 |     8 |    10 |    17 ||    37
       Ration            |       |       |     3 |     4 ||     7
Armor: Robe              |    10 |    47 |    82 |   205 ||   344
       Skin              |       |    22 |       |       ||    22
       Leather armour    |       |       |       |    33 ||    33
Dodge: Dodged            |    35 |    72 |   134 |   209 ||   450
Block: Buckler           |       |       |     9 |    91 ||   100

Table legend:
 A = Non-vault XP
 B = Vault XP
 C = Vault XP percentage of total XP
 D = Non-vault monster count
 E = Vault monster count
 F = Vault count percentage of total count
                 A         B        C        D         E       F
            +---------+---------+-------+---------+---------+-------
      Total |    9507 |    5436 |  36.4 |     275 |      75 |  21.4
            +---------+---------+-------+---------+---------+-------
        D:1 |      40 |       0 |   0.0 |      22 |       0 |   0.0
        D:2 |      42 |      16 |  27.6 |      18 |       3 |  14.3
        D:3 |     165 |       0 |   0.0 |      31 |       0 |   0.0
        D:4 |     452 |       0 |   0.0 |      25 |       0 |   0.0
        D:5 |     252 |      18 |   6.7 |      18 |       1 |   5.3
        D:6 |    1114 |    1395 |  55.6 |      33 |      19 |  36.5
        D:7 |    1151 |       2 |   0.2 |      28 |       1 |   3.4
        D:8 |    2040 |    1278 |  38.5 |      42 |      10 |  19.2
        D:9 |    1542 |     220 |  12.5 |      19 |       1 |   5.0
       D:10 |    1495 |     419 |  21.9 |      20 |       1 |   4.8
       D:11 |    1214 |       0 |   0.0 |      19 |       0 |   0.0
    Ossuary |       0 |     796 | 100.0 |       0 |      27 | 100.0
      IceCv |       0 |    1292 | 100.0 |       0 |      12 | 100.0
            +---------+---------+-------+---------+---------+-------
